 Dungeon Crawl Stone Soup version 0.19.1-1-g22dce08 (webtiles) character file.

36 Shubnigguratth the Cudgeler (level 3, -1/36 HPs)
             Began as a Troll Berserker on Jan 18, 2017.
             Was a Follower of Trog.
             Slain by a worm (8 damage)
             ... on level 2 of the Dungeon.
             The game lasted 00:14:50 (1343 turns).

Shubnigguratth the Cudgeler (Troll Berserker)       Turns: 1343, Time: 00:14:51

Health: -1/36      AC:  8    Str: 25    XL:     3   Next: 19%
Magic:  2/2        EV: 10    Int:  4    God:    Trog [*.....]
Gold:   88         SH:  0    Dex:  9    Spells: 0 memorised, 2 levels left

rFire  . . .     SeeInvis .     a - +0 mace
rCold  . . .     Gourm    +     b - +0 animal skin
rNeg   + . .     Faith    .     (no shield)
rPois  .         Spirit   .     (helmet restricted)
rElec  .         Reflect  .     o - +2 cloak
rCorr  .         Harm     .     (gloves unavailable)
MR     .....                    (boots unavailable)
Stlth  +.........               (no amulet)
                                (no ring)
                                i - ring of positive energy

@: no status effects
A: unfitting armour, claws 3, fast metabolism 3, gourmand, regeneration 1,
shaggy fur 1, tough skin 2
a: Berserk, Burn Spellbooks, Renounce Religion


You were on level 2 of the Dungeon.
You worshipped Trog.
Trog was aware of your devotion.
You were not hungry.

You visited 1 branch of the dungeon, and saw 2 of its levels.

You collected 88 gold pieces.

Inventory:

Hand Weapons
 a - a +0 mace (weapon)
 h - a +0 club
 m - a +0 flail
Missiles
 l - 33 bolts
Armour
 b - a +0 animal skin (worn)
 o - a +2 cloak (worn)
Jewellery
 i - a ring of positive energy (left claw)
Scrolls
 d - 3 scrolls of amnesia {unknown}
 e - a scroll of teleportation {unknown}
 f - a scroll of remove curse {unknown}
 g - a scroll of identify {unknown}
Potions
 j - a potion of heal wounds {unknown}
 k - a potion of haste {unknown}
 p - 2 potions of cure mutation {unknown}
Comestibles
 n - 3 inedible chunks of flesh


   Skills:
 + Level 2.7 Fighting
 + Level 3.3 Maces & Flails
 + Level 2.7 Dodging
 + Level 0.2 Unarmed Combat


You had 2 spell levels left.
You didn't know any spells.

Dungeon Overview and Level Annotations

Branches:
Dungeon (2/15)

Altars:


Innate Abilities, Weirdness & Mutations

You are too large for most types of armour.
You have claws for hands.
Your metabolism is lightning-fast.
You like to eat raw meat.
Your natural rate of healing is unusually fast.
You are covered in fur. (AC +1)
You have very tough skin. (AC +2)


Message History

The worm bites you! The worm bites you.
You hit the worm but do no damage.
The worm is heavily wounded.
The worm barely misses you.
You sock the worm!
The worm is almost dead.
The worm bites you. x2
* * * LOW HITPOINT WARNING * * *
You barely miss the worm.
The worm is almost dead.
The worm barely misses you.
You hit the worm.
The worm is almost dead.
The worm bites you.
* * * LOW HITPOINT WARNING * * *
The worm barely misses you.
Things that are here:
a dagger; a goblin corpse The worm bites you!
You die...

# #.....# #.....# #.....#
#.....######## ####
#.....##...... ...#
##.....#....... #..
#..............
..####.#####..............
.......w)@...............<
....####w.###...รท.........
. #..# ##...###....). #..#
######....)[. #... #....[[.
..#.. #....... #..####
#....... #... #<......
##......


You could see 2 worms.

Vanquished Creatures
  An ooze (D:1)
  A dart slug (D:1)
  A leopard gecko (D:1)
  4 goblins
  5 hobgoblins
  4 kobolds
  4 bats
  A frilled lizard (D:1)
  6 rats
  5 fungi (D:2)
32 creatures vanquished.

Notes
Turn   | Place    | Note
-------+----------+-------------------------------------------
     0 | D:1      | Shubnigguratth the Troll Berserker began the quest for the Orb.
     0 | D:1      | Reached XP level 1. HP: 22/22 MP: 0/0
     0 | D:1      | Noticed a naga
     1 | D:1      | Noticed a minotaur
    29 | D:1      | Noticed a minotaur skeleton
    32 | D:1      | Noticed a gargoyle
    39 | D:1      | Noticed a ghoul
   322 | D:1      | Reached skill level 3 in Maces & Flails
   324 | D:1      | Reached XP level 2. HP: 25/29 MP: 1/1
  1061 | D:2      | Reached XP level 3. HP: 34/36 MP: 2/2
  1236 | D:2      | Paralysed by fainting for 8 turns
  1343 | D:2      | Slain by a worm

Skill      XL: |  1 |
---------------+----+-----
Maces & Flails | 3 |  3.3
Fighting       | |  2.7
Dodging        | |  2.7
Unarmed Combat | |  0.2

Action                   || total
-------------------------++-------
Melee: Mace              ||   138
       Unarmed           ||    21
  Eat: Bread ration      ||     2
       Beef jerky        ||     1
Armor: Animal skin       ||    40
Dodge: Dodged            ||    54
